 Dungeon Crawl Stone Soup version 0.22.1-2-g9c5b331383 (webtiles) character file.

1660 Marnok the Skirmisher (level 9, 0/92 HPs)
             Began as an Ogre Fighter on Dec 15, 2018.
             Slain by a killer bee (5 damage)
             ... on level 7 of the Dungeon.
             The game lasted 00:30:40 (6616 turns).

Marnok the Skirmisher (Ogre Fighter)                Turns: 6616, Time: 00:30:41

Health: 0/92       AC:  5    Str: 25    XL:     9   Next: 0%
Magic:  9/9        EV: 17    Int:  9    God:
Gold:   302        SH:  0    Dex: 15    Spells: 8/8 levels left

rFire    . . .     SeeInvis .   l - +0 short sword (venom)
rCold    . . .     Gourm    .   c - +1 shield
rNeg     . . .     Faith    .   b - +0 robe
rPois    .         Spirit   .   (helmet restricted)
rElec    .         Reflect  .   (no cloak)
rCorr    .         Harm     .   (gloves unavailable)
MR       .....     Clarity  +   (boots unavailable)
Stlth    ++........             (no amulet)
HPRegen  0.25/turn              (no ring)
MPRegen  0.11/turn              (no ring)

@: confused, agile, lethally poisoned (0 -> -4), about to teleport
A: large, unfitting armour, yellow scales 1, agile 1, clarity, tough skin 1
a: no special abilities


You were on level 7 of the Dungeon.
You were not hungry.

You visited 1 branch of the dungeon, and saw 7 of its levels.

You collected 302 gold pieces.

Inventory:

Hand Weapons
 l - a +0 short sword of venom (weapon)
 o - a +2 dagger of protection
Missiles
 p - 5 tomahawks (quivered)
Armour
 b - a +0 robe (worn)
 c - a +1 shield (worn)
Jewellery
 w - a cursed ring of teleportation {unknown}
Wands
 r - a wand of flame (40)
Scrolls
 d - 2 scrolls of enchant weapon {unknown}
 e - a scroll of magic mapping
 g - a scroll of fear {unknown}
 j - 9 scrolls of identify
 n - a scroll of teleportation
 q - 2 scrolls of random uselessness {unknown}
 s - 2 scrolls of blinking {unknown}
 t - a scroll of fog {unknown}
 u - a scroll of remove curse {unknown}
 v - a scroll of immolation {unknown}
Potions
 a - a potion of ambrosia
 h - a potion of agility
 k - a potion of haste
 m - 2 potions of flight
Comestibles
 f - 7 rations
 x - a chunk of flesh


   Skills:
 + Level 6.8 Fighting
 + Level 5.2 Short Blades
   Level 2.6 Maces & Flails
 + Level 0.6 Throwing
 + Level 5.4 Dodging
 + Level 1.5 Stealth
 + Level 5.8 Shields


You had 8 spell levels left.
You didn't know any spells.
Your spell library was empty.

Dungeon Overview and Level Annotations

Branches:
Dungeon (7/15)             Temple (0/1) D:5

Altars:
Elyvilon
Sif Muna
Yredelemnul
Zin


Innate Abilities, Weirdness & Mutations

You are too large for most types of armour.
You have tough skin. (AC +1)
You are partially covered in yellow scales. (AC +2)
You are agile. (Dex +2)
You possess an exceptional clarity of mind.


Message History

You are poisoned.
The killer bee poisons you! The killer bee misses you. x2
You block the killer bee's attack. The killer bee barely misses you.
You block the killer bee's attack. The killer bee closely misses you.
The killer bee stings you.
* * * LOW HITPOINT WARNING * * *
You feel agile all of a sudden.
You feel sick. The killer bee closely misses you. The killer bee misses you.
The killer bee stings you.
* * * LOW HITPOINT WARNING * * *
You block the killer bee's attack. The killer bee completely misses you.
The killer bee misses you. The killer bee closely misses you.
You block the killer bee's attack.
The killer bee stings you but does no damage.
You are confused.
You feel invigorated.
You feel sick. The killer bee barely misses you. The killer bee stings you.
* * * LOW HITPOINT WARNING * * *
The killer bee misses you. The killer bee stings you.
You die...

##########
#....y@y.#
#....yyy.#
#.....y..#
(#........#
..........#
#.........####
.#...........#
.####.....##.###
...........#...###


You could see 6 killer bees.

Vanquished Creatures
  Sigmund (D:6)
  Eustachio (D:5)
  3 phantoms
  A sky beast (D:6)
  A black bear (D:6)
  2 ogres (D:4)
  An ice beast (D:6)
  A centaur (D:5)
  2 orc priests (D:6)
  7 orc wizards
  A bullfrog skeleton (D:6)
  2 iguanas
  Jessica (D:2)
  A worker ant (D:4)
  3 gnolls
  8 adders
  2 adder skeletons (D:4)
  2 worms
  2 dart slugs (D:2)
  7 leopard geckos
  10 orcs
  5 bats
  6 giant cockroaches
  5 hobgoblins
  4 jackals (D:5)
  7 kobolds
  3 quokkas
  4 frilled lizards
  4 goblins
  A leopard gecko skeleton (D:5)
  2 quokka skeletons (D:4)
  A quokka zombie (D:6)
  17 rats
118 creatures vanquished.

Notes
Turn   | Place    | Note
-------+----------+-------------------------------------------
     0 | D:1      | Marnok the Ogre Fighter began the quest for the Orb.
     0 | D:1      | Reached XP level 1. HP: 24/24 MP: 1/1
   238 | D:1      | Reached XP level 2. HP: 26/32 MP: 2/2
   690 | D:1      | Reached XP level 3. HP: 29/39 MP: 3/3
   960 | D:1      | Found a white marble altar of Elyvilon.
  1081 | D:2      | Found a glowing silver altar of Zin.
  1152 | D:2      | Found a faded altar of an unknown god.
  1275 | D:2      | Noticed Jessica
  1285 | D:2      | Killed Jessica
  1285 | D:2      | Reached XP level 4. HP: 32/49 MP: 4/4
  1899 | D:3      | Reached skill level 1 in Short Blades
  2189 | D:3      | Reached XP level 5. HP: 44/55 MP: 5/5
  2477 | D:4      | Noticed a phantom
  2501 | D:3      | Gained mutation: You are partially covered in yellow
                  | scales. (AC +2) [potion of mutation]
  2501 | D:3      | Gained mutation: You possess an exceptional clarity of
                  | mind. [potion of mutation]
  2501 | D:3      | Gained mutation: You are agile. (Dex +2) [potion of
                  | mutation]
  2554 | D:3      | Killed a phantom
  3263 | D:5      | Entered Level 5 of the Dungeon
  3381 | D:6      | Reached skill level 5 in Fighting
  3381 | D:6      | Reached XP level 6. HP: 59/66 MP: 6/6
  3390 | D:6      | Noticed Sigmund
  3390 | D:6      | Noticed a black bear
  3464 | D:5      | Found a deep blue altar of Sif Muna.
  3497 | D:5      | Found a staircase to the Ecumenical Temple.
  3815 | D:5      | Noticed a phantom
  3875 | D:5      | Killed a phantom
  4049 | D:5      | Noticed Eustachio
  4056 | D:5      | Noticed a phantom
  4061 | D:5      | Reached XP level 7. HP: 66/72 MP: 7/7
  4112 | D:5      | Killed Eustachio
  5007 | D:4      | Reached skill level 1 in Stealth
  5026 | D:4      | Reached XP level 8. HP: 24/83 MP: 8/8
  5313 | D:4      | Reached skill level 6 in Fighting
  5313 | D:4      | Reached skill level 5 in Shields
  5830 | D:6      | Killed Sigmund
  5830 | D:6      | Reached skill level 5 in Dodging
  6261 | D:6      | Reached skill level 5 in Short Blades
  6491 | D:6      | Reached XP level 9. HP: 62/92 MP: 9/9
  6506 | D:6      | Found a basalt altar of Yredelemnul.
  6616 | D:7      | Slain by a killer bee

Skill      XL: |  1  2  3  4  5  6  7  8 |
---------------+-------------------------+-----
Dodging        | 3 4 5 |  5.4
Shields        | 3 4 5 |  5.8
Maces & Flails | 2 |  2.6
Short Blades   | 1 2 3 4 5 |  5.2
Fighting       | 5 6 |  6.8
Stealth        | 1 |  1.5
Throwing       | |  0.6

Action                   |  1- 3 |  4- 6 |  7- 9 || total
-------------------------+-------+-------+-------++-------
Melee: Flail             |    63 |       |       ||    63
       Short sword       |    33 |   247 |   276 ||   556
Throw: Tomahawk          |       |       |     4 ||     4
  Use: Potion            |       |    12 |     7 ||    19
       Scroll            |       |     4 |     2 ||     6
 Stab: Invisible         |       |     1 |       ||     1
  Eat: Chunk             |     1 |     1 |     1 ||     3
       Ration            |       |     3 |     2 ||     5
Armor: Robe              |    41 |    55 |    49 ||   145
Dodge: Dodged            |    29 |   113 |   105 ||   247
Block: Shield            |    50 |   135 |   159 ||   344
